 Dungeon Crawl Stone Soup version 0.30.1-8-g117510f58f (webtiles) character file.

Game seed: 9608358108463666489

6024 monsoonserge the Grappler (level 10, -3/100 HPs)
             Began as a Troll Fighter on Sept 23, 2023.
             Was a Priest of Wu Jian.
             Slain by a skeletal warrior
             ... wielding a +0 flail
              (18 damage)
             ... on level 10 of the Dungeon.
             The game lasted 00:21:12 (7973 turns).

monsoonserge the Grappler (Troll Fighter)           Turns: 7973, Time: 00:21:12

Health: -3/100     AC: 10    Str: 26    XL:     10   Next: 56%
Magic:  9/9        EV:  8    Int: 14    God:    Wu Jian [***...]
Gold:   1153       SH:  9    Dex:  9    Spells: 9/9 levels left

rFire   + +          .
                       - Unarmed
rCold   . . .        b - +0 kite shield
rNeg    . . .        D - +0 fire dragon scales
rPois   .            (helmet restricted)
rElec   .            (no cloak)
rCorr   .            (gloves unavailable)
SInv    .            (boots unavailable)
Will    .....        s - amulet of regeneration Stlth
                     i - ring of protection from cold
HPRegen 1.96/turn    z - +6 ring of intelligence
MPRegen 0.11/turn

%: no passive effects
@: no status effects
A: large, unfitting armour, claws 3, regeneration 1, shaggy fur 1, tough skin 1
a: Renounce Religion, Wall Jump, Serpent's Lash


You were on level 10 of the Dungeon.
You worshipped Wu Jian.
Wu Jian was most pleased with you.
You visited 2 branches of the dungeon, and saw 11 of its levels.
You also visited: Bailey.

You collected 1341 gold pieces.
You spent 188 gold pieces at shops.

Inventory:

Hand Weapons
 I - a +0 short sword
Missiles
 h - 5 boomerangs
 k - 25 poisoned darts (quivered)
 v - a silver boomerang
 H - 3 throwing nets
Armour
 a - a +0 robe
 b - a +0 kite shield (worn)
 c - a +1 robe of willpower
 q - +0 ice dragon scales
 D - +0 fire dragon scales (worn)
 E - +0 steam dragon scales
Jewellery
 i - a ring of protection from cold (left claw)
 s - an amulet of regeneration (around neck)
 z - a +6 ring of intelligence (right claw)
 L - a ring of resist corrosion
Wands
 x - a wand of flame (36)
 F - a wand of paralysis (7)
 J - a wand of polymorph (3)
 K - a wand of roots (4)
 N - a wand of light (1)
Scrolls
 e - 4 scrolls of blinking
 l - a scroll of vulnerability
 n - 2 scrolls of silence
 p - 2 scrolls of enchant armour
 u - a scroll of enchant weapon
 w - a scroll of poison
 y - 2 scrolls of immolation
 B - 4 scrolls of teleportation
 G - 2 scrolls of fear
 M - a scroll of acquirement {unknown}
 O - a scroll of fog
Potions
 d - 3 potions of haste
 f - 4 potions of curing
 g - 2 potions of lignification
 j - 3 potions of heal wounds {unknown}
 m - 2 potions of degeneration {unknown}
 o - a potion of magic {unknown}
 r - 3 potions of flight {unknown}
 t - 3 potions of attraction {unknown}
 A - 2 potions of berserk rage {unknown}
 C - a potion of experience {unknown}


   Skills:
 + Level 6.7 Fighting
 + Level 5.1 Dodging
 + Level 7.4 Shields
 * Level 10.9 Unarmed Combat


You had 9 spell levels left.
You didn't know any spells.
Your spell library contained the following spells:

 Spells                   Type           Power      Damage    Failure   Level
 Apportation              Tloc           0%         N/A       83%         1
 Beastly Appendage        Tmut           0%         N/A       83%         1
 Summon Small Mammal      Summ           0%         N/A       83%         1
 Wereblood                Tmut           0%         N/A       93%         2
 Gell's Gravitas          Tloc           0%         N/A       99%         3
 Spider Form              Tmut/Pois      0%         N/A       99%         3
 Vhi's Electric Charge    Tloc/Air       0%         N/A       99%         3
 Arcjolt                  Conj/Air       0%         1d10      100%        5
 Summon Mana Viper        Hex/Summ       0%         N/A       100%        5
 Maxwell's Capacitive Co  Air            0%         ∞         100%        8
 Dragon's Call            Summ           0%         N/A       100%        9


Dungeon Overview and Level Annotations

Branches:
Dungeon (10/15)            Temple (1/1) D:5            Lair (0/5) D:8
 Bailey (visited)
    Orc: D:9-12

Altars:
Ashenzari
Cheibriados
Dithmenos
Elyvilon
Fedhas
Gozag
Hepliaklqana
Kikubaaqudgha
Makhleb
Nemelex Xobeh
Okawaru
Qazlal
Ru
Sif Muna
Trog
Uskayaw
Vehumet
Wu Jian
Xom
Yredelemnul
Zin
The Shining One

Shops:
D:5 [?   D:6 ?   D:7 ?   D:8 (


Innate Abilities, Weirdness & Mutations

You are too large for most types of armour.
You have claws for hands.
Your natural rate of healing is unusually fast.
You are covered in fur. (AC +1)
You have tough skin. (AC +1)


Message History

The skeletal warrior is almost destroyed.
The skeletal warrior is blinded.
The bolt of light hits the skeletal warrior.
The skeletal warrior is lightly damaged.
The skeletal warrior is blinded.
The bolt of light hits the skeletal warrior!
The skeletal warrior is lightly damaged.
The skeletal warrior is blinded.
You block the skeletal warrior's attack.
The skeletal warrior hits you with a +0 long sword!
* * * LOW HITPOINT WARNING * * *
The skeletal warrior is no longer blind.
The skeletal warrior is no longer blind. x2
Aiming: Bolt of Light
Press: ? - help, Shift-Dir - straight line, f/p - skeletal warrior
Aim: a skeletal warrior, wielding a +0 glaive (lightly damaged, 71% to hit)
The bolt of light hits the skeletal warrior but does no damage.
The skeletal warrior is severely damaged.
The skeletal warrior is blinded.
The bolt of light misses the skeletal warrior.
The bolt of light hits the skeletal warrior.
The skeletal warrior is lightly damaged.
The skeletal warrior is blinded.
The bolt of light hits the skeletal warrior!
The skeletal warrior is lightly damaged.
The skeletal warrior is blinded.
The skeletal warrior hits you with a +0 long sword!
* * * LOW HITPOINT WARNING * * *
Okay, then.
You spin and attack the skeletal warrior repeatedly.
You claw the skeletal warrior!
The skeletal warrior is moderately damaged.
You scratch the skeletal warrior.
The skeletal warrior is moderately damaged.
You spin and attack the skeletal warrior.
You closely miss the skeletal warrior.
The skeletal warrior is severely damaged.
You block the skeletal warrior's attack.
The skeletal warrior hits you with a +0 flail!!
You die...

..##..##..#####+# #### #.#
..#
..##..##..##....##...###.##..
..#........'........./#.....
..#....?...#..........+....
.###.#######.......... ..> .#
### # #....###### #.# ..
...##....##...###.## ..
....<.....z........#
.........@zzz....[.#
##.###...##.........# #.
#...############ # #.....
+.....# ##...## #.... <....


You could see 4 skeletal warriors.

Vanquished Creatures
  A kobold demonologist (D:9)
  A troll (D:9)
  2 shadows
  A wraith (D:5)
  A yak (D:5)
  2 steam dragons
  A water moccasin (D:8)
  2 sky beasts (D:7)
  A black bear (D:4)
  3 ice beasts
  3 wolves (Bailey)
  3 centaurs
  2 ogres
  A phantom (D:5)
  2 kobold brigands
  6 gnoll sergeants (Bailey)
  3 necrophages (D:5)
  5 bullfrogs
  3 scorpions
  A water moccasin zombie (D:5)
  9 wights
  13 killer bees
  3 howler monkeys (D:10)
  A centaur zombie (D:5)
  3 jellies (D:5)
  4 hounds
  3 orc priests
  8 gnoll boudas
  Natasha (thrice) (D:4)
  A sleepcap (D:8)
  3 iguanas
  3 orc wizards
  A howler monkey zombie (D:5)
  12 gnolls
  9 adders
  A shadow imp (D:7)
  A white imp (D:6)
  An ufetubus (D:5)
  An adder zombie (D:5)
  A worm (D:2)
  2 dart slugs
  11 orcs
  3 bats
  4 endoplasms
  A giant cockroach (D:1)
  9 goblins
  3 hobgoblins
  6 jackals
  15 kobolds
  3 quokkas
  7 ball pythons
  3 frilled lizards (D:1)
  4 rats
196 creatures vanquished.

Vanquished Creatures (others)
  An orc (D:9)
1 creature vanquished.

Grand Total: 197 creatures vanquished

Notes
Turn   | Place    | Note
-------+----------+-------------------------------------------
     0 | D:1      | monsoonserge the Troll Fighter began the quest for the Orb.
     0 | D:1      | Reached XP level 1. HP: 22/22 MP: 0/0
   235 | D:1      | Reached XP level 2. HP: 29/29 MP: 1/1
   910 | D:2      | Reached XP level 3. HP: 35/36 MP: 2/2
   915 | D:2      | Found the +11 plutonium sword {Contam Stlth-}
  1134 | D:2      | Reached skill level 3 in Unarmed Combat
  1369 | D:3      | Reached XP level 4. HP: 44/44 MP: 3/3
  2393 | D:4      | Noticed a black bear
  2394 | D:4      | You fall into a shaft and drop 2 floors!
  2394 | D:6      | Found Oquol's Magic Scroll Shop.
  2490 | D:5      | Entered Level 5 of the Dungeon
  2496 | D:5      | Reached XP level 5. HP: 48/53 MP: 4/4
  2535 | D:5      | Found a staircase to the Ecumenical Temple.
  2557 | Temple   | Entered the Ecumenical Temple
  2562 | Temple   | Became a worshipper of the Wu Jian Council
  2682 | D:4      | Killed a black bear
  2683 | D:4      | Reached skill level 4 in Unarmed Combat
  2727 | D:4      | Reached XP level 6. HP: 56/61 MP: 5/5
  2757 | D:4      | Noticed Natasha
  2761 | D:4      | Killed Natasha
  2799 | D:4      | Reached skill level 5 in Unarmed Combat
  2827 | D:4      | Noticed Natasha
  2833 | D:4      | Killed Natasha
  2859 | D:4      | Reached XP level 7. HP: 64/68 MP: 6/6
  2869 | D:4      | Noticed Natasha
  2871 | D:4      | Killed Natasha
  2910 | D:4      | Found an iron altar of Okawaru.
  2910 | D:4      | Found a glowing silver altar of Zin.
  2911 | D:4      | Found a hazy altar of Hepliaklqana.
  3368 | D:5      | Identified the +4 dagger of Gicynyrr {freeze, *Corrode
                  | Will- Str+4 Dex+7}
  3433 | D:5      | Reached skill level 6 in Unarmed Combat
  3447 | D:5      | Found Kolis's Armour Shoppe.
  3498 | D:5      | Found Biliang's Magic Scroll Shop.
  3503 | D:5      | Found a glowing golden altar of the Shining One.
  3578 | D:5      | Found a blossoming altar of Fedhas.
  3727 | D:5      | Noticed a yak
  3727 | D:5      | Noticed a wraith
  3739 | D:5      | Killed a wraith
  3740 | D:5      | Reached XP level 8. HP: 39/79 MP: 7/7
  3742 | D:5      | Reached skill level 5 in Shields
  3742 | D:5      | Reached skill level 7 in Unarmed Combat
  3800 | D:5      | Reached * piety under Wu Jian
  3961 | D:5      | Reached skill level 5 in Fighting
  4226 | D:6      | Reached skill level 8 in Unarmed Combat
  4857 | D:7      | Reached XP level 9. HP: 78/88 MP: 8/8
  5154 | D:7      | Found Xuibrum's Magic Scroll Shoppe.
  5160 | D:7      | Bought a scroll of blinking for 97 gold pieces
  5160 | D:7      | Bought a scroll of teleportation for 39 gold pieces
  5160 | D:7      | Bought a scroll of fear for 52 gold pieces
  5349 | D:7      | Reached skill level 9 in Unarmed Combat
  5480 | D:8      | Found Xiott's Antique Weapon Boutique.
  5693 | D:8      | Reached ** piety under Wu Jian
  5698 | D:8      | Found a flagged portal.
  5723 | Bailey   | Entered a bailey
  5927 | Bailey   | HP: 4/89 [gnoll sergeant/+0 glaive (14)]
  5928 | Bailey   | HP: 1/89 [gnoll bouda/+3 spear (5)]
  5988 | Bailey   | Identified the +0 ring mail of Grim Brilliance {rElec}
  6086 | Bailey   | Got Iclaptuv's Incunabulum of Elliptic Formation
  6207 | D:8      | Found a staircase to the Lair.
  6544 | D:8      | Reached skill level 10 in Unarmed Combat
  6624 | D:8      | Reached XP level 10. HP: 97/98 MP: 9/9
  7215 | D:9      | Reached *** piety under Wu Jian
  7404 | D:9      | Found a shimmering blue altar of Sif Muna.
  7470 | D:8      | Reached skill level 5 in Dodging
  7604 | D:10     | Entered Level 10 of the Dungeon
  7623 | D:10     | Found a hide-covered altar of Uskayaw.
  7957 | D:10     | Noticed a skeletal warrior
  7958 | D:10     | Noticed a skeletal warrior
  7959 | D:10     | Noticed a skeletal warrior
  7962 | D:10     | Noticed a skeletal warrior
  7973 | D:10     | Slain by a skeletal warrior

Illustrated notes

Levels and vault maps discovered:
D:1:      saegor_arrival_simple_d, layout_loops_cross, nrook_uturn,
          nicolae_figureground_pulse
D:2:      layout_basic, hangedman_decor_growths, item_on_display_a
D:3:      layout_basic
D:4:      layout_gridville, gammafunk_temple_overflow_forgotten, uniq_natasha
D:5:      kennysheep_big_flooded_room, layout_rooms, fedhas_altar_decomposition,
          lemuel_round_altar, minmay_temple_entry_offerings, serial_shops,
          nicolae_shop_tiny_glass, nicolae_shop_behind_doors
D:6:      layout_basic, serial_shops, shop
D:7:      layout_basic, serial_shops, shop
D:8:      layout_basic, lair_entry_dummy, serial_shops, shop, enter_bailey_3,
          chequers_serial_rivers_small_b
D:9:      layout_roguey, nicolae_sif_muna_condensation
D:10:     minmay_statue_hallways, layout_gridville, kennysheep_mini,
          serial_shops, shop, roderic_serpentine_path
Temple:   minmay_freezing_vapour_temple

Skill      XL: |  1  2  3  4  5  6  7  8  9 10 |
---------------+-------------------------------+-----
Shields        | 3 4 5 6 7 |  7.4
Unarmed Combat | 3 4 5 6 8 10 | 10.9
Fighting       | 3 4 5 6 |  6.7
Dodging        | 3 4 5 |  5.1

Action                     |  1- 3 |  4- 6 |  7- 9 | 10-12 || total
---------------------------+-------+-------+-------+-------++-------
  Melee: Unarmed           |   107 |   109 |   386 |   149 ||   751
  Throw: Dart              |       |     1 |       |       ||     1
Ability: Lunge             |       |     4 |    35 |     9 ||    48
         Whirlwind         |       |       |   103 |    28 ||   131
  Evoke: Wand              |       |       |       |     2 ||     2
    Use: Scroll            |       |       |     7 |     4 ||    11
         Potion            |       |       |     2 |       ||     2
 Armour: Robe              |    37 |    16 |       |       ||    53
         Ice dragon scales |       |    38 |    47 |       ||    85
         Fire dragon scale |       |       |    87 |    44 ||   131
  Dodge: Dodged            |    28 |    38 |    88 |    47 ||   201
  Block: Kite shield       |    36 |    37 |   143 |    64 ||   280
